 Dungeon Crawl Stone Soup version 0.14-a0-2061-g6c6fb9c (webtiles) character file.

83 Nicoed the Covered (level 3, -2/33 HPs)
             Began as a Minotaur Fighter on Jan 22, 2014.
             Was an Initiate of Okawaru.
             Slain by a gnoll
             ... wielding a +0,+0 elven trident
              (5 damage)
             ... on Level 2 of the Dungeon.
             The game lasted 00:02:03 (1095 turns).

Nicoed the Covered (Minotaur Fighter)               Turns: 1095, Time: 00:02:04

HP  -2/33        AC 11     Str 21      XL: 3   Next: 41%
MP   2/2         EV  3     Int  5      God: Okawaru [......]
Gold 39          SH 19     Dex  9      Spells:  0 memorised,  2 levels left

rFire  . . .     SeeInvis .     a - +0 falchion
rCold  . . .     Clarity  .     f - +0 plate armour
rNeg   . . .     Conserve .     c - +0 shield
rPois  .         rCorr    .     (helmet restricted)
rElec  .         rRot     .     (no cloak)
SustAb . .       Spirit   .     (no gloves)
rMut   .         Warding  .     (no boots)
Saprov . . .     Stasis   .     (no amulet)
MR     .....                    (no ring)
                                (no ring)

@: not resistant to hostile enchantments, extremely unstealthy
A: retaliatory headbutt, horns 2
a: Renounce Religion


You were on level 2 of the Dungeon.
You worshipped Okawaru.
Okawaru was noncommittal.
You were hungry.

You visited 1 branch of the dungeon, and saw 2 of its levels.

You collected 39 gold pieces.

Inventory:

Hand weapons
 a - a +0,+0 falchion (weapon)
Armour
 c - a +0 shield (worn)
 f - a +0 plate armour (worn)
Comestibles
 d - 2 bread rations
 k - 8 sultanas
 l - a cheese
 n - an apple
Scrolls
 b - a scroll of immolation {unknown}
 e - 4 scrolls of remove curse {unknown}
 h - a scroll of identify {unknown}
 j - a scroll of enchant weapon II {unknown}
Jewellery
 g - an uncursed ring of magical power {unknown}
 i - an uncursed ring of ice {unknown}
 m - an uncursed ring of teleport control {unknown}


   Skills:
 + Level 4.0 Fighting
 + Level 2.8 Long Blades
 + Level 4.2 Armour
 + Level 1.0 Dodging
 + Level 4.1 Shields


You had 2 spell levels left.
You didn't know any spells.

Dungeon Overview and Level Annotations

Branches:
Dungeon (2/16)

Altars:
Okawaru


Innate Abilities, Weirdness & Mutations

You reflexively headbutt those who attack you in melee.
You have a pair of horns on your head.


Message History

You block the gnoll's attack. You block the adder's attack.
You miss the adder.
The adder is lightly wounded.
You block the adder's attack. The gnoll hits you but does no damage.
The adder bites you but does no damage. The gnoll hits you but does no damage.
You hit the adder. You headbutt the adder.
The adder is almost dead.
The adder bites you but does no damage. The gnoll hits you but does no damage.
The adder bites you.
* * * LOW HITPOINT WARNING * * *
Your shield and plate armour prevent you from hitting the adder.
The adder is almost dead.
The adder bites you but does no damage. The gnoll hits you but does no damage.
You hit the adder.
You kill the adder!
Okawaru accepts your kill.
Your Fighting skill increases to level 4!
Your Dodging skill increases to level 1!
The gnoll hits you from afar with an elven trident.
You die...

.... #.# ###.. #.#
...# #.#####
...#####.#######.#...#
#................)...#
...# #.#######g#...#
...#####.# #g# ..#
.......#.# #%# .#
♣......#.# #@# #
.......#.# #.#
.......#.## #.#
..........# #.#
#.........# #.#
..........######.#
##...............#
##........######.#
..........# #.#


You could see 2 gnolls.

Vanquished Creatures
  2 adders (D:2)
  A gnoll (D:2)
  A giant gecko (D:1)
  2 oozes
  2 ball pythons
  A bat (D:1)
  2 hobgoblins (D:2)
  A jackal (D:1)
  A kobold (D:1)
  2 goblins (D:1)
  A rat (D:1)
16 creatures vanquished.

Notes
Turn   | Place    | Note
--------------------------------------------------------------
     0 | D:1      | Nicoed, the Minotaur Fighter, began the quest for the Orb.
     0 | D:1      | Reached XP level 1. HP: 19/19 MP: 1/1
   317 | D:1      | Reached XP level 2. HP: 24/27 MP: 1/1
   792 | D:2      | Found an iron altar of Okawaru.
  1030 | D:2      | Became a worshipper of Warmaster Okawaru
  1036 | D:2      | Reached skill level 4 in Shields
  1084 | D:2      | Reached XP level 3. HP: 9/33 MP: 2/2
  1095 | D:2      | Reached skill level 1 in Dodging
  1095 | D:2      | Slain by a gnoll

Action                   || total
-------------------------++-------
Melee: Falchion          ||    57
